 Dungeon Crawl Stone Soup version 0.29.0-15-g675c0067aa (webtiles) character file.

Game seed: 2856887947714135110

28284 qw the Blocker (level 13, -1/80 HPs)
             Began as a Gargoyle Fighter on Sept 12, 2022.
             Was a High Priest of Okawaru.
             Slain by a bog body (28 damage)
             ... on level 3 of the Lair of Beasts.
             The game lasted 00:05:36 (17735 turns).

qw the Blocker (Gargoyle Fighter)                  Turns: 17735, Time: 00:05:36

Health: -1/80      AC: 33    Str: 24    XL:     13   Next: 37%
Magic:  18/20      EV:  8    Int: 10    God:    Okawaru [*****.]
Gold:   395        SH: 20    Dex: 12    Spells: 12/12 levels left

rFire   . . .      SeeInvis .   Y - +1 broad axe
rCold   . . .      Faith    .   o - +0 tower shield
rNeg    + + .      Spirit   .   n - +0 plate armour
rPois   inf        Reflect  .   m - +2 helmet
rElec   +          Harm     .   (no cloak)
rCorr   .          Rampage  .   c - +0 pair of gloves {Dex+3}
Will    +....      Rage     3%  t - +1 pair of boots {Fly}
Stlth   ..........              r - amulet of the acrobat
HPRegen 0.23/turn               e - ring of positive energy
MPRegen 0.17/turn               j - ring of willpower

@: heroic, flying
A: sickness immunity, AC +9, negative energy resistance 1, electricity
resistance, torment resistance 1, petrification resistance, berserk 1, subdued
magic 1
a: Renounce Religion, Heroism, Finesse, Duel


You were on level 3 of the Lair of Beasts.
You worshipped Okawaru.
Okawaru was extremely pleased with you.
You visited 3 branches of the dungeon, and saw 13 of its levels.

You collected 531 gold pieces.
You spent 136 gold pieces at shops.


Innate Abilities, Weirdness & Mutations

You are immune to sickness and miasma.
Your stone body is resilient. (AC +9)
You are immune to poison.
You resist negative energy. (rN+)
You are resistant to electric shocks. (rElec)
You are resistant to unholy torment.
You are immune to petrification.
You sometimes lose your temper in combat.
Your spells are a little easier to cast, but a little less powerful.


   Skills:
 - Level 9.0(14.0) Fighting
 - Level 11.0(16.0) Axes
 - Level 4.0(9.0) Throwing
 - Level 8.2(13.2) Armour
 - Level 2.0(7.0) Dodging
 + Level 13.9(18.9) Shields
 - Level 10.0 Invocations


You had 12 spell levels left.
You didn't know any spells.
Your spell library was empty.

Inventory:

Hand Weapons
 l - a +0 morningstar
 Y - a +1 broad axe (weapon)
Missiles
 k - 3 boomerangs (quivered)
 u - 2 silver javelins
Armour
 c - a +0 pair of gloves of dexterity (worn)
 m - a +2 helmet (worn)
 n - a +0 plate armour (worn)
 o - a +0 tower shield (worn)
 t - a +1 pair of boots of flying (worn)
Jewellery
 e - a ring of positive energy (left hand)
 j - a ring of willpower (right hand)
 r - an amulet of the acrobat (around neck)
 w - an amulet of regeneration
Scrolls
 a - a scroll of identify
 s - 2 scrolls of teleportation
 v - a scroll of blinking
Potions
 b - 3 potions of lignification
 d - 2 potions of might
 f - 8 potions of curing
 g - a potion of magic
 h - 2 potions of heal wounds
 i - 2 potions of attraction
 p - a potion of haste
 q - a potion of berserk rage {unknown}

Dungeon Overview and Level Annotations

Branches:
Dungeon (9/15)             Temple (1/1) D:4            Lair (3/5) D:9
 Spider (0/4) Lair:3
  Swamp: Lair:2-3    Shoals: Lair:2-3       Orc: D:9-12

Altars:
Ashenzari
Cheibriados
Dithmenos
Elyvilon
Fedhas
Gozag
Hepliaklqana
Kikubaaqudgha
Makhleb
Nemelex Xobeh
Okawaru
Qazlal
Ru
Sif Muna
Trog
Uskayaw
Vehumet
Wu Jian
Xom
Yredelemnul
Zin
The Shining One

Shops:
D:3 (=:(?

Annotations:
D:1 2 runed translucent doors
D:8 1 runed translucent door, qw's ghost, novice MiBe


Message History

17633 ||| FLEEEEING.
17634 ||| FLEEEEING.
17635 ||| Stepping ~*~*~tactically~*~*~ (hiding).
17640 ||| FLEEEEING.
17643 ||| FLEEEEING.
17644 ||| FLEEEEING.
17645 ||| FLEEEEING.
There is a stone staircase leading up here.
17646 ||| STAIRDANCE The bog body casts a spell at you.
You resist with almost no effort.
You fly upwards.
There is a stone staircase leading down here.
You start resting.
HP restored.
Done exploring.
(D) Dungeon (T) Temple (L) Lair (N) Spider Nest
Where to? (* - list waypoints, Enter - Lair:3, ? - help)
What level of the Lair of Beasts? (default 1, ? - help)
You fly downwards.
There is a stone staircase leading up here.
A bog body is nearby!
You hit the bog body.
The bog body is lightly damaged.
You block the bog body's attack.
You slice the bog body!!
The bog body is severely damaged.
The bog body points at you and mumbles some strange words.
The bolt of cold hits you!!
17733 ||| INVOKING Heroism.
You gain the combat prowess of a mighty hero.
The bog body points at you and mumbles some strange words.
The bolt of cold hits you!!
You slash the bog body!
The bog body is almost destroyed.
The bog body touches you but does no damage.
You hit the bog body but do no damage.
The bog body is almost destroyed.
The bog body touches you. The bog body freezes you!!
You die...

...#..P...#.......#.....##.......
..........#.##.#.##...#.#....P...
...^..................P....#..P..
........#.#.##.#........##...#...
......^##.............PP##.#.#...
##^..^^##...##...............#...
^^^^^#....##...................
##^^>^#.....#..#.n.........#.....
^##^^^..........@.......##.....#.
.^##...^^#..............#.......#
.......^^#....<..................
....^.^^###......................
.^...##^#......................#.
......##.............>.........#.
#.....#.........................#
...#.%#.#.#......................
.................................


You could see a bog body.

Vanquished Creatures
  Rupert (Lair:3)
  3 hydras
  2 two-headed ogres (D:9)
  2 bog bodies (Lair:3)
  Pikel (D:6)
  15 elephants
  3 black mambas
  4 cane toads
  A komodo dragon (Lair:1)
  A troll (D:9)
  Prince Ribbit (D:6)
  14 blink frogs (Lair:1)
  2 dream sheep (D:7)
  4 wyverns
  27 yaks
  3 basilisks
  2 redbacks (Lair:3)
  2 steam dragons
  Menkaure (D:6)
  A swamp worm (Lair:3)
  Edmund (D:5)
  11 water moccasins
  2 orc warriors
  2 sky beasts (D:8)
  3 ice beasts
  9 wolves
  An ogre (D:6)
  A phantom (D:4)
  A lemure (D:6)
  4 kobold brigands
  12 bullfrogs
  6 scorpions
  7 wights
  11 killer bees
  A howler monkey (D:6)
  3 electric eels
  7 hounds
  An iron imp (D:3)
  A bullfrog zombie (D:4)
  A human zombie (D:4)
  6 orc priests
  A gnoll bouda (D:7)
  2 iguanas
  4 orc wizards
  3 scorpion zombies (D:4)
  A mummy (D:4)
  2 hound zombies (D:4)
  A howler monkey zombie (D:4)
  7 adders
  A shadow imp (D:6)
  2 white imps
  An ufetubus (D:7)
  An adder zombie (D:4)
  2 dart slugs
  28 orcs
  6 endoplasms
  4 giant cockroaches
  7 goblins
  7 hobgoblins
  8 jackals
  25 kobolds
  2 quokkas
  4 ball pythons
  8 bats
  2 frilled lizards (D:3)
  7 rats
317 creatures vanquished.

Vanquished Creatures (others)
  28 fungi
  29 plants
57 creatures vanquished.

Grand Total: 374 creatures vanquished

Notes
Turn   | Place    | Note
-------+----------+-------------------------------------------
     0 | D:1      | qw the Gargoyle Fighter began the quest for the Orb.
     0 | D:1      | Reached XP level 1. HP: 14/14 MP: 1/1
     0 | D:1      | 0 ||| qw: Version: 0.1-a-119-g272c26d
     0 | D:1      | 0 ||| qw: Game counter: 10976
     0 | D:1      | 0 ||| qw: Always use a shield: true
     0 | D:1      | 0 ||| qw: God list: Okawaru
     0 | D:1      | 0 ||| qw: Allow faded altars: false
     0 | D:1      | 0 ||| qw: Do Orc after D:15 true
     0 | D:1      | 0 ||| qw: Do second Lair branch before Depths: true
     0 | D:1      | 0 ||| qw: Lair rune preference: random
     0 | D:1      | 0 ||| qw: Plans: Normal, Zot, God:TSO, Crypt, Tomb, Pan,
                  | Slime, Hells, Zig, Abyss, Orb
     0 | D:1      | 0 ||| PLANNING D:1-11
    26 | D:1      | 26 ||| Stepping ~*~*~tactically~*~*~ (stealth).
    37 | D:1      | Reached XP level 2. HP: 14/19 MP: 2/2
   144 | D:1      | Found a large runed translucent door.
   144 | D:1      | Found a large runed translucent door.
   144 | D:1      | Noticed a troll
   511 | D:1      | Reached skill level 3 in Axes
   552 | D:1      | Reached XP level 3. HP: 14/23 MP: 3/3
  1552 | D:1      | 1552 ||| UPGRADING to +0 chain mail.
  1562 | D:1      | 1562 ||| DROPPING +0 scale mail.
  1563 | D:1      | 1563 ||| UPGRADING to ring of positive energy.
  1564 | D:1      | 1564 ||| READING scroll labelled WEPSAI COALLEI.
  1565 | D:1      | 1565 ||| READING scroll labelled XYRARCHI KUSOJOUS.
  1566 | D:1      | 1566 ||| READING scroll labelled BUONAP HOXKADA.
  1567 | D:1      | 1567 ||| READING scroll labelled UGAFICVECE.
  1568 | D:1      | 1568 ||| DRINKING 2 smoky silvery potions.
  1568 | D:1      | Gained mutation: You occasionally lose the ability to read
                  | scrolls when taking damage. [potion of mutation]
  1568 | D:1      | Gained mutation: You are frail. (-10% HP) [potion of
                  | mutation]
  1568 | D:1      | Lost mutation: You are frail. (-10% HP) [potion of
                  | mutation]
  1598 | D:1      | 1598 ||| DRINKING potion of mutation.
  1598 | D:1      | Lost mutation: You occasionally lose the ability to read
                  | scrolls when taking damage. [potion of mutation]
  1598 | D:1      | Gained mutation: Your spells are a little easier to cast,
                  | but a little less powerful. [potion of mutation]
  1598 | D:1      | Gained mutation: You sometimes lose your temper in combat.
                  | [potion of mutation]
  2431 | D:2      | 2431 ||| READING 2 scrolls labelled BUMADW EREGEDE.
  2432 | D:2      | 2432 ||| READING scroll labelled POMEOTW NAUBEKO.
  2433 | D:2      | 2433 ||| DRINKING 3 murky amethyst potions.
  2434 | D:2      | 2434 ||| DRINKING 2 dark potions.
  2435 | D:2      | 2435 ||| DROPPING potion of brilliance.
  2458 | D:3      | Found Nades's Antique Weapon Shoppe.
  2462 | D:3      | 2462 ||| BUYING flail (84 gold).
  2462 | D:3      | Bought a flail for 84 gold pieces
  2462 | D:3      | 2462 ||| SHOPLISTING runed hand axe (144 gold, have 39).
  2462 | D:3      | 2462 ||| DROPPING +0 whip.
  2519 | D:3      | Reached XP level 4. HP: 28/28 MP: 4/4
  2550 | D:3      | Found Modue's Jewellery Shoppe.
  2551 | D:3      | 2551 ||| Stepping ~*~*~tactically~*~*~ (hiding).
  2661 | D:3      | 2661 ||| SHOPLISTING +4 ring of evasion (396 gold, have
                  | 39).
  2661 | D:3      | 2661 ||| SHOPLISTING amulet "Awirph" {Reflect rElec rF+
                  | Int+3 SH+5} (630 gold, have 39).
  2661 | D:3      | 2661 ||| SHOPLISTING amulet of guardian spirit (330 gold,
                  | have 39).
  2661 | D:3      | 2661 ||| SHOPLISTING ring of Doeka {Fire Slay+2} (444 gold,
                  | have 39).
  2661 | D:3      | 2661 ||| SHOPLISTING ring of Engiun {rCorr Str+6 Stlth+}
                  | (565 gold, have 39).
  2661 | D:3      | 2661 ||| SHOPLISTING ring of Liberalism {Fly AC+4 Str+4}
                  | (588 gold, have 39).
  2661 | D:3      | 2661 ||| SHOPLISTING ring of protection from cold (275
                  | gold, have 39).
  2737 | D:3      | HP: 6/28 [something (4)]
  3026 | D:3      | Identified the +4 mace "Midaegiy" {vamp, +Blink Dex+3}
  3028 | D:3      | 3028 ||| DROPPING +0 flail.
  3061 | D:3      | Found a faded altar of an unknown god.
  3215 | D:3      | Found a faded altar of an unknown god.
  3220 | D:3      | Found a shimmering blue altar of Sif Muna.
  3247 | D:3      | Found Vihoguif's Weapon Shop.
  3265 | D:3      | Found a burning altar of Makhleb.
  3309 | D:3      | 3309 ||| Stepping ~*~*~tactically~*~*~ (hiding).
  3327 | D:3      | Reached XP level 5. HP: 29/32 MP: 5/5
  3358 | D:3      | Found Ykaibi Odoi's Magic Scroll Boutique.
  3367 | D:3      | 3367 ||| SHOPLISTING scroll of enchant armour (97 gold,
                  | have 61).
  3367 | D:3      | 3367 ||| SHOPLISTING scroll of enchant weapon (97 gold,
                  | have 61).
  3367 | D:3      | 3367 ||| BUYING scroll of identify (26 gold).
  3367 | D:3      | Bought a scroll of identify for 26 gold pieces
  3367 | D:3      | 3367 ||| BUYING scroll of identify (26 gold).
  3367 | D:3      | Bought a scroll of identify for 26 gold pieces
  3367 | D:3      | 3367 ||| SHOPLISTING scroll of identify (26 gold, have 9).
  3367 | D:3      | 3367 ||| SHOPLISTING scroll of teleportation (39 gold, have
                  | 9).
  3458 | D:3      | Found Icytov's Book Boutique.
  3903 | D:3      | 3903 ||| UPGRADING to ring of willpower.
  3904 | D:3      | 3904 ||| READING 3 scrolls of identify.
  3904 | D:3      | 3904 ||| IDENTIFYING sedimented brown potion
  3905 | D:3      | 3905 ||| READING 2 scrolls of identify.
  3905 | D:3      | 3905 ||| IDENTIFYING brown potion
  4088 | D:4      | Found a staircase to the Ecumenical Temple.
  4089 | D:4      | 4089 ||| PLANNING TEMPLE
  4090 | D:4      | 4090 ||| FLEEEEING.
  4091 | D:4      | 4091 ||| FLEEEEING.
  4093 | D:4      | 4093 ||| FLEEEEING.
  4094 | D:4      | 4094 ||| FLEEEEING.
  4095 | D:4      | 4095 ||| FLEEEEING.
  4096 | D:4      | 4096 ||| FLEEEEING.
  4097 | D:4      | 4097 ||| FLEEEEING.
  4098 | D:4      | 4098 ||| FLEEEEING.
  4099 | D:4      | 4099 ||| STAIRDANCE
  4107 | D:4      | 4107 ||| STAIRDANCE
  4137 | D:4      | 4137 ||| FLEEEEING.
  4138 | D:4      | 4138 ||| FLEEEEING.
  4139 | D:4      | 4139 ||| STAIRDANCE
  4148 | D:4      | 4148 ||| STAIRDANCE
  4169 | Temple   | Entered the Ecumenical Temple
  4448 | Temple   | 4448 ||| PLANNING D:1-11
  4448 | Temple   | 4448 ||| DRINKING 2 cyan potions.
  4449 | Temple   | 4449 ||| DROPPING potion of degeneration.
  4480 | Temple   | Became a worshipper of Warmaster Okawaru
  4528 | D:4      | 4528 ||| Stepping ~*~*~tactically~*~*~ (stealth).
  4540 | D:4      | HP: 8/32 [iguana (9)]
  4541 | D:4      | 4541 ||| DRINKING 3 potions of heal wounds.
  4560 | D:4      | 4560 ||| Stepping ~*~*~tactically~*~*~ (stealth).
  4574 | D:4      | Reached XP level 6. HP: 10/38 MP: 6/6
  5112 | D:4      | 5112 ||| Stepping ~*~*~tactically~*~*~ (stealth).
  5240 | D:4      | 5240 ||| Stepping ~*~*~tactically~*~*~ (stealth).
  5242 | D:4      | 5242 ||| Stepping ~*~*~tactically~*~*~ (stealth).
  5276 | D:4      | Reached skill level 6 in Axes
  5326 | D:4      | Found an ancient bone altar of Kikubaaqudgha.
  5362 | D:4      | HP: 9/38 [wight/+0 morningstar (6)]
  5363 | D:4      | 5363 ||| DRINKING 2 potions of heal wounds.
  5366 | D:4      | Reached XP level 7. HP: 43/43 MP: 7/7
  5368 | D:4      | Reached * piety under Okawaru
  5373 | D:4      | Reached skill level 1 in Invocations
  5382 | D:4      | 5382 ||| INVOKING Heroism.
  5387 | D:4      | Reached skill level 1 in Dodging
  5473 | D:4      | 5473 ||| DROPPING +4 mace "Midaegiy" {vamp, +Blink Dex+3}.
  5807 | D:4      | 5807 ||| Stepping ~*~*~tactically~*~*~ (hiding).
  5808 | D:4      | 5808 ||| Stepping ~*~*~tactically~*~*~ (hiding).
  5809 | D:4      | 5809 ||| Stepping ~*~*~tactically~*~*~ (hiding).
  5810 | D:4      | 5810 ||| INVOKING Heroism.
  5847 | D:4      | 5847 ||| FLEEEEING.
  5848 | D:4      | 5848 ||| FLEEEEING.
  5849 | D:4      | 5849 ||| FLEEEEING.
  5850 | D:4      | 5850 ||| FLEEEEING.
  5851 | D:4      | 5851 ||| FLEEEEING.
  5852 | D:4      | 5852 ||| FLEEEEING.
  5853 | D:4      | 5853 ||| FLEEEEING.
  6198 | D:4      | 6198 ||| READING scroll labelled GUAHAR TECLO.
  6210 | D:5      | Entered Level 5 of the Dungeon
  6222 | D:5      | 6222 ||| SWAPPING to +0 broad axe.
  6238 | D:5      | 6238 ||| DROPPING +0 war axe.
  6264 | D:5      | Reached skill level 3 in Invocations
  6407 | D:5      | 6407 ||| Stepping ~*~*~tactically~*~*~ (stealth).
  6453 | D:5      | 6453 ||| Stepping ~*~*~tactically~*~*~ (stealth).
  6455 | D:5      | 6455 ||| Stepping ~*~*~tactically~*~*~ (stealth).
  6511 | D:5      | Reached XP level 8. HP: 46/48 MP: 10/10
  6669 | D:5      | Noticed Edmund
  6670 | D:5      | 6670 ||| INVOKING Heroism.
  6683 | D:5      | HP: 4/48 [Edmund/+6 dire flail (9)]
  6684 | D:5      | 6684 ||| DRINKING potion of heal wounds.
  6686 | D:5      | Killed Edmund
  6789 | D:5      | Noticed a +0 spear
  6790 | D:5      | Noticed a +0 dagger
  6790 | D:5      | Noticed a +0 falchion
  6790 | D:5      | Noticed a +0 dagger
  6790 | D:5      | Noticed a +0 short sword
  6791 | D:5      | Noticed a +0 short sword
  6792 | D:5      | Noticed a +0 spear
  6792 | D:5      | Noticed a +0 falchion
  7178 | D:5      | Found a hide-covered altar of Uskayaw.
  7287 | D:5      | 7287 ||| UPGRADING to +0 plate armour.
  7297 | D:5      | 7297 ||| DROPPING +0 chain mail.
  7298 | D:5      | 7298 ||| READING scroll labelled OVEMEP ZYH.
  7389 | D:6      | 7389 ||| Stepping ~*~*~tactically~*~*~ (stealth).
  7403 | D:6      | Noticed Prince Ribbit
  7404 | D:6      | 7404 ||| INVOKING Heroism.
  7413 | D:6      | Killed Prince Ribbit
  7587 | D:6      | Noticed Menkaure
  7588 | D:6      | 7588 ||| INVOKING Heroism.
  7593 | D:6      | Killed Menkaure
  7642 | D:6      | 7642 ||| Stepping ~*~*~tactically~*~*~ (stealth).
  7644 | D:6      | 7644 ||| Stepping ~*~*~tactically~*~*~ (stealth).
  7860 | D:6      | 7860 ||| INVOKING Heroism.
  8026 | D:6      | Reached XP level 9. HP: 54/54 MP: 12/12
  8215 | D:6      | 8215 ||| INVOKING Heroism.
  8218 | D:6      | Noticed Pikel
  8229 | D:6      | Killed Pikel
  8229 | D:6      | Reached ** piety under Okawaru
  8518 | D:6      | 8518 ||| READING scroll labelled CIBBEYGIHU.
  8519 | D:6      | 8519 ||| DRINKING 3 amethyst potions.
  8520 | D:6      | 8520 ||| READING 2 scrolls of identify.
  8520 | D:6      | 8520 ||| IDENTIFYING glowing purple potion
  8521 | D:6      | 8521 ||| READING scroll of teleportation.
  8543 | D:6      | 8543 ||| Stepping ~*~*~tactically~*~*~ (stealth).
  8547 | D:6      | 8547 ||| INVOKING Heroism.
  8562 | D:6      | You fall into a shaft and drop 2 floors!
  8575 | D:7      | 8575 ||| INVOKING Heroism.
  8659 | D:7      | 8659 ||| INVOKING Heroism.
  8664 | D:7      | Reached skill level 9 in Axes
  8666 | D:7      | 8666 ||| Stepping ~*~*~tactically~*~*~ (cloud).
  8667 | D:7      | 8667 ||| Stepping ~*~*~tactically~*~*~ (cloud).
  8668 | D:7      | 8668 ||| Stepping ~*~*~tactically~*~*~ (cloud).
  8726 | D:7      | 8726 ||| INVOKING Heroism.
  8747 | D:7      | 8747 ||| INVOKING Heroism.
  8749 | D:7      | Reached skill level 4 in Shields
  8913 | D:7      | 8913 ||| INVOKING Heroism.
  9076 | D:7      | 9076 ||| READING 2 scrolls of identify.
  9076 | D:7      | 9076 ||| IDENTIFYING bubbling grey potion
  9077 | D:7      | 9077 ||| DROPPING potion of ambrosia.
  9127 | D:6      | Identified the +1 leather armour of the Unstoppable Realms
                  | {Dex+2}
  9250 | D:6      | 9250 ||| UPGRADING to +2 helmet.
  9319 | D:7      | 9319 ||| INVOKING Heroism.
  9322 | D:7      | Reached skill level 6 in Armour
  9327 | D:7      | Reached XP level 10. HP: 61/63 MP: 11/13
  9405 | D:7      | 9405 ||| Stepping ~*~*~tactically~*~*~ (stealth).
  9410 | D:7      | 9410 ||| Stepping ~*~*~tactically~*~*~ (hiding).
  9412 | D:7      | 9412 ||| Stepping ~*~*~tactically~*~*~ (hiding).
  9417 | D:7      | 9417 ||| INVOKING Heroism.
  9843 | D:7      | 9843 ||| READING scroll labelled APSOBEIGAAG.
  9905 | D:8      | 9905 ||| Stepping ~*~*~tactically~*~*~ (hiding).
  9907 | D:8      | 9907 ||| Stepping ~*~*~tactically~*~*~ (hiding).
  9971 | D:8      | Found a glowing golden altar of the Shining One.
 10046 | D:8      | 10046 ||| Stepping ~*~*~tactically~*~*~ (stealth).
 10056 | D:8      | Reached *** piety under Okawaru
 10494 | D:8      | Found an ornate altar of the Wu Jian Council.
 10502 | D:8      | 10502 ||| INVOKING Heroism.
 10512 | D:8      | Reached skill level 3 in Throwing
 10529 | D:8      | 10529 ||| INVOKING Heroism.
 10534 | D:8      | Reached skill level 5 in Shields
 10567 | D:8      | 10567 ||| Stepping ~*~*~tactically~*~*~ (stealth).
 10583 | D:8      | 10583 ||| FLEEEEING.
 10584 | D:8      | 10584 ||| FLEEEEING.
 10585 | D:8      | 10585 ||| FLEEEEING.
 10588 | D:8      | 10588 ||| FLEEEEING.
 10589 | D:8      | 10589 ||| FLEEEEING.
 10590 | D:8      | 10590 ||| FLEEEEING.
 10591 | D:8      | 10591 ||| FLEEEEING.
 10592 | D:8      | 10592 ||| FLEEEEING.
 10594 | D:8      | 10594 ||| FLEEEEING.
 10595 | D:8      | 10595 ||| FLEEEEING.
 10596 | D:8      | 10596 ||| FLEEEEING.
 10599 | D:8      | 10599 ||| FLEEEEING.
 10681 | D:8      | 10681 ||| Stepping ~*~*~tactically~*~*~ (hiding).
 10689 | D:8      | 10689 ||| INVOKING Heroism.
 11017 | D:8      | Found a runed translucent door.
 11017 | D:8      | Found a shimmering altar of Xom.
 11017 | D:8      | Noticed qw's ghost (novice MiBe)
 11017 | D:8      | Noticed a +2 trident of chaos
 11328 | D:8      | 11328 ||| UPGRADING to +0 tower shield.
 11338 | D:8      | 11338 ||| DROPPING +0 buckler.
 11339 | D:8      | 11339 ||| UPGRADING to amulet of the acrobat.
 11344 | D:8      | 11344 ||| READING scroll labelled COEK ZINNITA.
 11345 | D:8      | 11345 ||| READING scroll labelled CENTAN BIGRUX.
 11542 | D:9      | 11542 ||| INVOKING Heroism.
 11546 | D:9      | Found a staircase to the Lair.
 11547 | D:9      | 11547 ||| Stepping ~*~*~tactically~*~*~ (water).
 11554 | D:9      | HP: 15/64 [electric eel/bolt of electricity (3)]
 11555 | D:9      | 11555 ||| DRINKING 2 potions of heal wounds.
 11561 | D:9      | Reached skill level 6 in Shields
 11561 | D:9      | HP: 15/64 [something (8)]
 11562 | D:9      | 11562 ||| DRINKING potion of heal wounds.
 11818 | D:9      | 11818 ||| INVOKING Heroism.
 11823 | D:9      | Reached skill level 7 in Shields
 11882 | D:9      | Noticed a two-headed ogre
 11883 | D:9      | 11883 ||| INVOKING Heroism.
 11889 | D:9      | Killed a two-headed ogre
 11889 | D:9      | Reached **** piety under Okawaru
 11890 | D:9      | Reached skill level 8 in Shields
 11890 | D:9      | Reached XP level 11. HP: 68/68 MP: 12/14
 11913 | D:9      | Found a shimmering altar of Xom.
 11914 | D:9      | Found a shimmering altar of Xom.
 11916 | D:9      | Found a shimmering altar of Xom.
 11918 | D:9      | Found a shimmering altar of Xom.
 11925 | D:9      | Noticed a two-headed ogre
 11926 | D:9      | 11926 ||| INVOKING Heroism.
 11935 | D:9      | Killed a two-headed ogre
 11936 | D:9      | Reached skill level 9 in Shields
 12120 | D:9      | Found a white marble altar of Elyvilon.
 12121 | D:9      | 12121 ||| INVOKING Heroism.
 12303 | D:9      | Found an opulent altar of Gozag.
 12395 | D:9      | 12395 ||| PLANNING LAIR
 12395 | D:9      | 12395 ||| READING scroll labelled ASCHIU LIUCI.
 12413 | Lair:1   | Entered Level 1 of the Lair of Beasts
 12419 | Lair:1   | 12419 ||| Stepping ~*~*~tactically~*~*~ (stealth).
 12420 | Lair:1   | 12420 ||| Stepping ~*~*~tactically~*~*~ (stealth).
 12422 | Lair:1   | 12422 ||| Stepping ~*~*~tactically~*~*~ (stealth).
 12424 | Lair:1   | 12424 ||| Stepping ~*~*~tactically~*~*~ (stealth).
 12425 | Lair:1   | 12425 ||| Stepping ~*~*~tactically~*~*~ (stealth).
 12426 | Lair:1   | 12426 ||| INVOKING Heroism.
 12441 | Lair:1   | Reached skill level 6 in Invocations
 12441 | Lair:1   | Received a gift from Okawaru
 12446 | Lair:1   | Reached ***** piety under Okawaru
 12447 | Lair:1   | Reached skill level 10 in Shields
 12455 | Lair:1   | 12455 ||| INVOKING Heroism.
 12471 | Lair:1   | 12471 ||| Stepping ~*~*~tactically~*~*~ (stealth).
 12504 | Lair:1   | 12504 ||| Stepping ~*~*~tactically~*~*~ (stealth).
 12505 | Lair:1   | 12505 ||| Stepping ~*~*~tactically~*~*~ (stealth).
 12506 | Lair:1   | 12506 ||| Stepping ~*~*~tactically~*~*~ (stealth).
 12508 | Lair:1   | 12508 ||| INVOKING Heroism.
 12890 | Lair:1   | 12890 ||| INVOKING Heroism.
 13371 | Lair:1   | 13371 ||| Stepping ~*~*~tactically~*~*~ (hiding).
 13390 | Lair:1   | 13390 ||| INVOKING Heroism.
 13480 | Lair:1   | 13480 ||| INVOKING Heroism.
 13481 | Lair:1   | 13481 ||| Stepping ~*~*~tactically~*~*~ (stealth).
 13487 | Lair:1   | Reached skill level 11 in Shields
 13506 | Lair:1   | 13506 ||| INVOKING Heroism.
 13514 | Lair:1   | 13514 ||| Stepping ~*~*~tactically~*~*~ (stealth).
 13534 | Lair:1   | 13534 ||| INVOKING Heroism.
 13867 | Lair:1   | Received a gift from Okawaru
 14001 | Lair:1   | 14001 ||| Stepping ~*~*~tactically~*~*~ (stealth).
 14003 | Lair:1   | 14003 ||| INVOKING Heroism.
 14019 | Lair:1   | Reached XP level 12. HP: 73/73 MP: 18/18
 14032 | Lair:1   | 14032 ||| INVOKING Heroism.
 14043 | Lair:1   | Reached skill level 9 in Invocations
 14058 | Lair:1   | 14058 ||| INVOKING Heroism.
 14073 | Lair:1   | Reached skill level 12 in Shields
 14085 | Lair:1   | 14085 ||| INVOKING Heroism.
 14746 | Lair:1   | 14746 ||| UPGRADING to +0 pair of gloves of dexterity.
 14751 | Lair:1   | 14751 ||| READING scroll labelled SOLIET KOMI.
 14752 | Lair:1   | 14752 ||| READING 2 scrolls of identify.
 14752 | Lair:1   | 14752 ||| IDENTIFYING inky potion
 14821 | Lair:2   | 14821 ||| Stepping ~*~*~tactically~*~*~ (stealth).
 14822 | Lair:2   | 14822 ||| Stepping ~*~*~tactically~*~*~ (stealth).
 14823 | Lair:2   | 14823 ||| INVOKING Heroism.
 15093 | Lair:2   | Noticed a seven-headed hydra
 15094 | Lair:2   | 15094 ||| INVOKING Heroism.
 15095 | Lair:2   | 15095 ||| INVOKING Finesse.
 15100 | Lair:2   | 15100 ||| SWAPPING to +0 morningstar.
 15106 | Lair:2   | Killed a seven-headed hydra
 15107 | Lair:2   | Reached skill level 13 in Shields
 15107 | Lair:2   | 15107 ||| SWAPPING to +1 broad axe.
 15363 | Lair:2   | 15363 ||| Stepping ~*~*~tactically~*~*~ (stealth).
 15370 | Lair:2   | 15370 ||| INVOKING Heroism.
 15640 | Lair:2   | 15640 ||| Stepping ~*~*~tactically~*~*~ (stealth).
 15927 | Lair:3   | Found a hole to the Spider Nest.
 15940 | Lair:3   | 15940 ||| INVOKING Heroism.
 16104 | Lair:3   | 16104 ||| Stepping ~*~*~tactically~*~*~ (stealth).
 16115 | Lair:3   | 16115 ||| INVOKING Heroism.
 16132 | Lair:3   | Received a gift from Okawaru
 16269 | Lair:3   | Noticed a six-headed hydra
 16270 | Lair:3   | 16270 ||| Stepping ~*~*~tactically~*~*~ (stealth).
 16278 | Lair:3   | 16278 ||| Stepping ~*~*~tactically~*~*~ (stealth).
 16280 | Lair:3   | 16280 ||| INVOKING Heroism.
 16281 | Lair:3   | 16281 ||| SWAPPING to +0 morningstar.
 16282 | Lair:3   | 16282 ||| INVOKING Finesse.
 16292 | Lair:3   | Killed a six-headed hydra
 16309 | Lair:3   | 16309 ||| SWAPPING to +1 broad axe.
 16474 | Lair:3   | Reached XP level 13. HP: 78/78 MP: 20/20
 16487 | Lair:3   | 16487 ||| FLEEEEING.
 16488 | Lair:3   | 16488 ||| FLEEEEING.
 16489 | Lair:3   | 16489 ||| FLEEEEING.
 16490 | Lair:3   | 16490 ||| FLEEEEING.
 16499 | Lair:3   | 16499 ||| STAIRDANCE
 16601 | Lair:2   | 16601 ||| UPGRADING to +1 pair of boots of flying.
 16606 | Lair:2   | 16606 ||| READING scroll labelled ELOMNU OBYNUE.
 16699 | Lair:3   | Noticed Rupert
 16700 | Lair:3   | 16700 ||| INVOKING Heroism.
 16701 | Lair:3   | 16701 ||| INVOKING Finesse.
 16730 | Lair:3   | Killed Rupert
 16730 | Lair:3   | Received a gift from Okawaru
 16783 | Lair:3   | 16783 ||| Stepping ~*~*~tactically~*~*~ (stealth).
 16869 | Lair:3   | Received a gift from Okawaru
 17015 | Lair:3   | 17015 ||| INVOKING Heroism.
 17016 | Lair:3   | 17016 ||| INVOKING Finesse.
 17267 | Lair:3   | 17267 ||| Stepping ~*~*~tactically~*~*~ (stealth).
 17269 | Lair:3   | 17269 ||| Stepping ~*~*~tactically~*~*~ (stealth).
 17271 | Lair:3   | 17271 ||| Stepping ~*~*~tactically~*~*~ (stealth).
 17273 | Lair:3   | 17273 ||| Stepping ~*~*~tactically~*~*~ (stealth).
 17275 | Lair:3   | 17275 ||| Stepping ~*~*~tactically~*~*~ (stealth).
 17277 | Lair:3   | 17277 ||| INVOKING Heroism.
 17290 | Lair:3   | Received a gift from Okawaru
 17306 | Lair:3   | Reached skill level 9 in Fighting
 17353 | Lair:3   | 17353 ||| Stepping ~*~*~tactically~*~*~ (hiding).
 17355 | Lair:3   | 17355 ||| INVOKING Heroism.
 17383 | Lair:3   | 17383 ||| Stepping ~*~*~tactically~*~*~ (stealth).
 17459 | Lair:3   | 17459 ||| Stepping ~*~*~tactically~*~*~ (stealth).
 17483 | Lair:3   | 17483 ||| Stepping ~*~*~tactically~*~*~ (stealth).
 17485 | Lair:3   | 17485 ||| Stepping ~*~*~tactically~*~*~ (hiding).
 17487 | Lair:3   | 17487 ||| Stepping ~*~*~tactically~*~*~ (stealth).
 17495 | Lair:3   | 17495 ||| INVOKING Heroism.
 17602 | Lair:3   | 17602 ||| FLEEEEING.
 17603 | Lair:3   | 17603 ||| FLEEEEING.
 17605 | Lair:3   | 17605 ||| FLEEEEING.
 17606 | Lair:3   | 17606 ||| FLEEEEING.
 17607 | Lair:3   | 17607 ||| FLEEEEING.
 17608 | Lair:3   | 17608 ||| FLEEEEING.
 17617 | Lair:3   | 17617 ||| FLEEEEING.
 17618 | Lair:3   | 17618 ||| FLEEEEING.
 17619 | Lair:3   | 17619 ||| FLEEEEING.
 17620 | Lair:3   | 17620 ||| FLEEEEING.
 17621 | Lair:3   | 17621 ||| FLEEEEING.
 17622 | Lair:3   | 17622 ||| FLEEEEING.
 17626 | Lair:3   | 17626 ||| FLEEEEING.
 17627 | Lair:3   | 17627 ||| FLEEEEING.
 17628 | Lair:3   | 17628 ||| FLEEEEING.
 17629 | Lair:3   | 17629 ||| FLEEEEING.
 17630 | Lair:3   | 17630 ||| FLEEEEING.
 17631 | Lair:3   | 17631 ||| FLEEEEING.
 17632 | Lair:3   | 17632 ||| FLEEEEING.
 17633 | Lair:3   | 17633 ||| FLEEEEING.
 17634 | Lair:3   | 17634 ||| FLEEEEING.
 17635 | Lair:3   | 17635 ||| Stepping ~*~*~tactically~*~*~ (hiding).
 17640 | Lair:3   | 17640 ||| FLEEEEING.
 17643 | Lair:3   | 17643 ||| FLEEEEING.
 17644 | Lair:3   | 17644 ||| FLEEEEING.
 17645 | Lair:3   | 17645 ||| FLEEEEING.
 17646 | Lair:3   | 17646 ||| STAIRDANCE
 17733 | Lair:3   | 17733 ||| INVOKING Heroism.
 17735 | Lair:3   | Slain by a bog body

Levels and vault maps discovered:
D:1:      erik_arrival_cave_to_civilisation [erik_arrival_cave_to_temple],
          layout_loops_ring
D:2:      layout_loops_ring
D:3:      layout_basic, demons_altar, nicolae_overflow_ecumenical_swirl,
          serial_shops, shop, shop, nicolae_shop_bloodbath_and_beyond, shop,
          nicolae_shop_hallway_stairs, ebering_ecumenical_altar_sacrificial,
          dk_noncrumbling_2, chequers_serial_rivers_large_b, serial_bayou_lake_a
D:4:      layout_cave_pods, lemuel_mausoleum_altar_kikubaaqudgha,
          minmay_temple_entry_waves
D:5:      layout_cave_pods, nicolae_uskayaw_en_pointe, grunt_decor_mini_mirrors,
          minmay_door_square, serial_bayou_ford_a, uniq_edmund
D:6:      layout_loops_ring, serial_aquarium, aquarium_bridge_long_joined
          [aquarium_subvault_window, aquarium_subvault_bridge,
          aquarium_subvault_bridge, aquarium_subvault_bridge,
          aquarium_subvault_window, aquarium_subvault_bridge],
          aquarium_window_fake, aquarium_window_fake, aquarium_view_2e,
          uniq_prince_ribbit1, uniq_menkaure, uniq_pikel
D:7:      layout_basic, dreamdust_gnoll_shepherd
D:8:      layout_loops_ring, tso_metal_star, nzn_wu_jian_contemplation,
          ebering_ghost_xom
D:9:      layout_big_octagon, xom_redecorated, mainiacjoe_overflow_swirl,
          erik_lair_island
Temple:   oiseaux_autumnal_temple
Lair:1:   layout_layer_cave
Lair:2:   layout_gridlike, serial_bayou_shore_b
Lair:3:   layout_long_grid, nicolae_swamp_entry_splash_gauntlet,
          spider_nest_entry_webs, uniq_rupert

Skill      XL: |  1  2  3  4  5  6  7  8  9 10 11 12 13 |
---------------+----------------------------------------+-----
Axes           | 2 3 4 5 6 7 8 9 10 11 | 11.0
Fighting       | 4 5 7 8 9 |  9.0
Invocations    | 3 4 8 10 | 10.0
Dodging        | 1 2 |  2.0
Armour         | 4 6 7 8 |  8.2
Throwing       | 2 3 4 |  4.0
Shields        | 4 8 11 13 | 13.9

Action                   |  1- 3 |  4- 6 |  7- 9 | 10-12 | 13-15 || total
-------------------------+-------+-------+-------+-------+-------++-------
Melee: War axe           |   122 |   161 |    55 |       |       ||   338
       Broad axe         |       |       |   184 |   546 |    90 ||   820
       Morningstar       |       |       |       |    13 |       ||    13
Throw: Boomerang         |       |       |    60 |    49 |    12 ||   121
       Javelin           |       |       |     9 |    27 |     6 ||    42
Invok: Heroism           |       |       |    14 |    27 |     6 ||    47
       Finesse           |       |       |       |     2 |     2 ||     4
  Use: Scroll            |     6 |     2 |     6 |     6 |     1 ||    21
       Potion            |     4 |     3 |     2 |     2 |       ||    11
Armor: Scale mail        |    51 |       |       |       |       ||    51
       Chain mail        |    19 |    98 |    44 |       |       ||   161
       Plate armour      |       |       |    64 |   351 |    29 ||   444
Dodge: Dodged            |    60 |    52 |    60 |   151 |    13 ||   336
Block: Buckler           |    12 |    16 |    41 |    41 |       ||   110
       Tower shield      |       |       |       |   431 |    89 ||   520

Table legend:
 A = Non-vault XP
 B = Vault XP
 C = Vault XP percentage of total XP
 D = Non-vault monster count
 E = Vault monster count
 F = Vault count percentage of total count
                 A         B        C        D         E       F
            +---------+---------+-------+---------+---------+-------
      Total |   33686 |    6720 |  16.6 |     282 |      34 |  10.8
            +---------+---------+-------+---------+---------+-------
        D:1 |      46 |       4 |   8.0 |      28 |       2 |   6.7
        D:2 |      31 |       0 |   0.0 |      12 |       0 |   0.0
        D:3 |      71 |      44 |  38.3 |      13 |       1 |   7.1
        D:4 |     409 |     420 |  50.7 |      23 |      12 |  34.3
        D:5 |     303 |     153 |  33.6 |       9 |       1 |  10.0
        D:6 |     847 |    1078 |  56.0 |      21 |       3 |  12.5
        D:7 |    1334 |     550 |  29.2 |      27 |       3 |  10.0
        D:8 |    1640 |       0 |   0.0 |      33 |       0 |   0.0
        D:9 |    3043 |     683 |  18.3 |      21 |       6 |  22.2
     Lair:1 |   11390 |       0 |   0.0 |      43 |       0 |   0.0
     Lair:2 |    5359 |       0 |   0.0 |      23 |       0 |   0.0
     Lair:3 |    9213 |    3788 |  29.1 |      29 |       6 |  17.1
            +---------+---------+-------+---------+---------+-------
